 Dungeon Crawl Stone Soup version 0.20-a0-3-g334f831 (webtiles) character file.

10 Gorice the Sneak (level 2, 0/16 HPs)
             Began as a Kobold Enchanter on Oct 30, 2016.
             Slain by a jackal (3 damage)
             ... on level 1 of the Dungeon.
             The game lasted 00:01:13 (351 turns).

Gorice the Sneak (Kobold Enchanter)                  Turns: 351, Time: 00:01:14

Health: 0/16       AC:  5    Str:  5    XL:     2   Next: 30%
Magic:  5/5        EV: 12    Int: 16    God:
Gold:   0          SH:  0    Dex: 15    Spells: 1 memorised, 4 levels left

rFire  . . .     SeeInvis .     a - +1 dagger
rCold  . . .     Gourm    .     h - +0 ring mail
rNeg   . . .     Faith    .     (shield restricted)
rPois  .         Spirit   .     (no helmet)
rElec  .         Reflect  .     (no cloak)
rCorr  .         Harm     .     (no gloves)
MR     .....                    (no boots)
Stlth  ++........               (no amulet)
                                (no ring)
                                (no ring)

@: no status effects
A: carnivore 3
a: no special abilities


You were on level 1 of the Dungeon.
You were completely stuffed.

You visited 1 branch of the dungeon, and saw 1 of its levels.

Inventory:

Hand Weapons
 a - a +1 dagger (weapon)
Armour
 b - a +1 robe
 h - a +0 ring mail (worn)
Potions
 e - 3 potions of curing {unknown}
 g - a potion of brilliance {unknown}
Books
 c - a book of Maledictions
Comestibles
 d - 2 meat rations {!e}
 f - a chunk of flesh


   Skills:
 + Level 0.7 Fighting
 + Level 2.6 Short Blades
 - Level 2.4 Dodging
 - Level 4.0 Stealth
 - Level 2.1 Spellcasting
 - Level 3.0 Hexes


You had 4 spell levels left.
You knew the following spells:

 Your Spells              Type           Power        Failure   Level  Hunger
a - Corona                Hex            ##.....      30%         1    #......


Dungeon Overview and Level Annotations

Branches:
Dungeon (1/15)

Altars:


Innate Abilities, Weirdness & Mutations

You are small and have problems with some larger weapons.
You are carnivorous and can eat meat at any time.


Message History

The jackal bites the plant but does no damage.
The jackal closely misses you.
The jackal barks!
You barely miss the jackal.
The jackal bites the plant but does no damage.
The jackal bites you but does no damage.
The jackal bites the plant but does no damage.
You barely miss the jackal. The jackal barely misses you.
The jackal bites you but does no damage.
The jackal bites the plant but does no damage.
You barely miss the jackal. The jackal bites you.
The jackal closely misses you. x2
Damage: 1 (max 1)
You miss the jackal. The jackal barely misses you.
The jackal bites you but does no damage.
The jackal bites you.
* * * LOW HITPOINT WARNING * * *
The jackal barely misses you.
Damage: 2 (max 2)
You closely miss the jackal. The jackal closely misses you.
The jackal barely misses you. The jackal closely misses you.
You closely miss the jackal. The jackal misses you. The jackal bites you.
* * * LOW HITPOINT WARNING * * *
The jackal misses you.
Damage: 2 (max 2)
You barely miss the jackal.
The jackal bites you but does no damage. x2
The jackal barely misses you. The jackal misses you.
The jackal closely misses you.
The jackal bites you but does no damage.
The jackal bites you.
* * * LOW HITPOINT WARNING * * *
The jackal bites you but does no damage.
Damage: 3 (max 3)
The jackal barely misses you.
The jackal bites you but does no damage.
The jackal closely misses you.
The jackal bites you but does no damage. x2
The jackal completely misses you.
You are too injured to fight recklessly!
You hit the jackal.
The jackal is severely wounded.
The jackal barely misses you.
You barely miss the jackal.
The jackal is severely wounded.
The jackal misses you.
You barely miss the jackal.
The jackal is severely wounded.
The jackal bites you.
You die...

#..#...# #..#...#
#..#...# #......# #
##.#.##.# .#
#.....#.##.#
.....♣♣♣......#
####........###
....♣♣♣#.#@# ##
#..#.#h## #..#.#hh# #
#..#.##.## ## .
#..#.##..##P.## # #.
#..........P..#
#.##.##....###.P.P♣..#
...........# #...♣♣
..........## #.P..♣


You could see 3 jackals.

Vanquished Creatures
  2 hobgoblins (D:1)
  A jackal (D:1)
  A frilled lizard (D:1)
  3 goblins (D:1)
  A kobold (D:1)
  3 rats (D:1)
11 creatures vanquished.

Notes
Turn   | Place    | Note
-------+----------+-------------------------------------------
     0 | D:1      | Gorice the Kobold Enchanter began the quest for the Orb.
     0 | D:1      | Reached XP level 1. HP: 10/10 MP: 3/3
    93 | D:1      | Reached skill level 2 in Short Blades
   141 | D:1      | Reached XP level 2. HP: 8/16 MP: 5/5
   183 | D:1      | HP: 4/16 [goblin/club (4)]
   343 | D:1      | HP: 3/16 [jackal (3)]
   351 | D:1      | Slain by a jackal

Vault maps used:
D:1:      minmay_arrival_open_corners, serial_forest,
          infiniplex_forest_straight_2, infiniplex_forest_straight_1,
          infiniplex_forest_corner_2, infiniplex_forest_lined_2,
          infiniplex_forest_split, infiniplex_forest_lined_2,
          infiniplex_forest_clump_double, infiniplex_forest_straight_1

Skill      XL: |  1 |
---------------+----+-----
Short Blades   | 2 |  2.6
Fighting       | |  0.7
Dodging        | |  2.4
Stealth        | |  4.0
Spellcasting   | |  2.1
Hexes          | |  3.0

Action                   || total
-------------------------++-------
Melee: Dagger            ||    55
 Cast: Corona            ||     2
 Stab: Sleeping          ||     2
  Eat: Chunk             ||     7
Armor: Robe              ||    10
       Ring mail         ||    11
Dodge: Dodged            ||    44

Table legend:
 A = Turns spent in this place as a percentage of turns spent in the entire game.
 B = Non-inter-level travel turns spent in this place as a percentage of non-inter-level travel turns spent in the entire game.
 C = Inter-level travel turns spent in this place as a percentage of turns spent in this place.
 D = Turns resting spent in this place as a percentage of non-inter-level travel turns spent in this place.
 E = Turns spent auto-exploring this place as a percentage of non-inter-level travel turns spent in this place.
 F = Non-inter-level travel turns spent in this place divided by the number of levels of this place that you've seen.
                   A       B       C       D       E      F
               +-------+-------+-------+-------+-------+----------------------
         Total | 100.0 | 100.0 |   0.0 |   1.1 |   5.3 | 188.0
       Dungeon | 100.0 | 100.0 |   0.0 |   1.1 |   5.3 | 188.0
               +-------+-------+-------+-------+-------+----------------------

Vault maps used:
D:1:      minmay_arrival_open_corners, serial_forest,
          infiniplex_forest_straight_2, infiniplex_forest_straight_1,
          infiniplex_forest_corner_2, infiniplex_forest_lined_2,
          infiniplex_forest_split, infiniplex_forest_lined_2,
          infiniplex_forest_clump_double, infiniplex_forest_straight_1
